 Dungeon Sprint DCSS version bcrawl-1.12-11-gb93c957c58 (webtiles) character file.

Game seed: 2630211175877011264

129 Freyura the Ruffian (level 4, 0/52 HPs)
             Began as a Troll Fighter on June 23, 2019.
             Was a Believer of Jiyva.
             Slain by a manticore (6 damage)
             ... in the Dungeon (Sprint IX: "|||||||||||||||||||||||||||||").
             The game lasted 00:03:20 (149 turns).

Freyura the Ruffian (Troll Fighter)                  Turns: 149, Time: 00:03:21

Health: 0/52       AC:  8    Str: 24    XL:     4   Next: 88%
Magic:  3/3        EV:  8    Int:  5    God:    Jiyva [**....]
Gold:   0          SH:  8    Dex: 10    Spells: 3/3 levels left

rFire    . . .     SeeInvis .     - Unarmed
rCold    . . .     Gourm    +   a - +0 shield
rNeg     . . .     Faith    .   (armour unavailable)
rPois    .         Spirit   .   (helmet restricted)
rElec    .         Reflect  .   o - +0 cloak
rCorr    .         Harm     .   (gloves unavailable)
MR       .....     NoTele   +   (boots unavailable)
Stlth    +.........             (no amulet)
HPRegen  0.57/turn              r - +2 ring of protection
MPRegen  0.08/turn              (no ring)

@: no status effects
A: large, almost no armour, unfitting armour, claws 3, fast metabolism 3,
gourmand, regeneration 1, AC +5
a: Request Jelly, Renounce Religion


You were in the Dungeon.
You worshipped Jiyva.
Jiyva was pleased with you.
You were completely stuffed.

You visited 1 branch

Inventory:

Armour
 a - a +0 shield (worn)
 o - a +0 cloak (worn)
Jewellery
 r - a +2 ring of protection (left claw)
Wands
 n - a wand of acid (10)
Scrolls
 i - 2 scrolls of blinking
 l - 3 scrolls of remove curse
 m - 2 scrolls of amnesia
Potions
 b - a potion of might
 d - 5 potions of curing
 e - 2 potions of heal wounds
 f - a potion of haste
 g - 4 potions of magic
 h - a potion of berserk rage
 k - a potion of invisibility
Comestibles
 c - 2 rations {!d}
 j - a chunk of flesh


   Skills:
 + Level 5.6 Fighting
 - Level 2.4 Dodging
 - Level 2.0 Shields
 * Level 7.8 Unarmed Combat


You had 3 spell levels left.
You didn't know any spells.
Your spell library was empty.

Dungeon Overview and Level Annotations

Branches:
Dungeon (1/1)

Altars:
Cheibriados
Dithmenos
Elyvilon
Fedhas
Gozag
Hepliaklqana
Kikubaaqudgha
Lugonu
Makhleb
Nemelex Xobeh
Okawaru
Qazlal
Ru
Sif Muna
Trog
Uskayaw
Vehumet
Wu Jian
Xom
Yredelemnul
Zin
The Shining One
Beogh
Jiyva


Innate Abilities, Weirdness & Mutations

You cannot wear most types of armour.
Your thick skin is tough. (AC +5)
You are too large for most types of armour.
You have claws for hands.
Your metabolism is lightning-fast.
You like to eat raw meat.
Your natural rate of healing is unusually fast.


Message History

You barely miss the manticore.
The manticore is severely wounded.
The manticore bites you but does no damage.
The manticore claws you. x2
You hear a distant slurping noise.
Jiyva appreciates your sacrifice.
You scratch the manticore.
The manticore is almost dead.
The manticore bites you!
* * * LOW HITPOINT WARNING * * *
The manticore claws you but does no damage.
You block the manticore's attack.
You scratch the manticore.
The manticore is almost dead.
The manticore bites you.
* * * LOW HITPOINT WARNING * * *
The manticore claws you.
* * * LOW HITPOINT WARNING * * *
The manticore claws you.
You die... ▓▓▓▓▓▓▓▓▓▓▓▓▓▓▓▓▓▓▓▓▓▓▓▓ .aZTQlH@.[..)|..'_______ ▓▓▓▓▓▓▓▓▓▓▓▓▓▓▓▓▓▓▓▓▓▓▓▓

You could see a manticore, a troll, a tengu conjurer, an iguana, a worker ant and a bat simulacrum.

Vanquished Creatures
  An ogre (D)
  An iguana (D)
  An adder (D)
  A bat skeleton (D)
  A goblin (D)
  A hobgoblin (D)
  2 bats (D)
  A kobold (D)
  A leopard gecko skeleton (D)
10 creatures vanquished.

Vanquished Creatures (others)
  A great orb of eyes (D)
  A glowing orange brain (D)
  A vault sentinel (D)
  A yaktaur (D)
  3 slime creatures (D)
  A jelly (D)
8 creatures vanquished.

Grand Total: 18 creatures vanquished

Notes
Turn   | Place    | Note
-------+----------+-------------------------------------------
     0 | D        | Freyura the Troll Fighter began the quest for the Orb.
     0 | D        | Reached XP level 1. HP: 22/22 MP: 0/0
    32 | D        | Reached skill level 3 in Unarmed Combat
    55 | D        | Noticed an ogre
    55 | D        | Noticed an iguana
    61 | D        | Reached XP level 2. HP: 32/32 MP: 1/1
    70 | D        | Reached skill level 5 in Unarmed Combat
    70 | D        | Reached XP level 3. HP: 19/40 MP: 2/2
    76 | D        | Killed an ogre
    76 | D        | Reached skill level 5 in Fighting
    76 | D        | Reached skill level 7 in Unarmed Combat
    76 | D        | Gained mutation: Your natural rate of healing is unusually
                  | fast. [Troll growth]
    76 | D        | Reached XP level 4. HP: 26/52 MP: 3/3
    86 | D        | Found a roughly hewn altar of Beogh.
    86 | D        | Found a snail-covered altar of Cheibriados.
    86 | D        | Found a shadowy altar of Dithmenos.
    86 | D        | Found a white marble altar of Elyvilon.
    86 | D        | Found a blossoming altar of Fedhas.
    86 | D        | Found an opulent altar of Gozag.
    87 | D        | Found a hazy altar of Hepliaklqana.
    88 | D        | Found a viscous altar of Jiyva.
    89 | D        | Found an ancient bone altar of Kikubaaqudgha.
    90 | D        | Found a corrupted altar of Lugonu.
    91 | D        | Found a burning altar of Makhleb.
    92 | D        | Found a sparkling altar of Nemelex Xobeh.
    93 | D        | Found an iron altar of Okawaru.
    94 | D        | Found a stormy altar of Qazlal.
    95 | D        | Found a sacrificial altar of Ru.
    96 | D        | Became a worshipper of Jiyva Juziu the Shapeless
    96 | D        | Reached * piety under Jiyva
    97 | D        | Found a deep blue altar of Sif Muna.
    98 | D        | Found a bloodstained altar of Trog.
    99 | D        | Found a hide-covered altar of Uskayaw.
    99 | D        | Killed a great orb of eyes
    99 | D        | Killed a vault sentinel
    99 | D        | Killed a slime creature
    99 | D        | Killed a slime creature
   100 | D        | Found a radiant altar of Vehumet.
   101 | D        | Found an ornate altar of the Wu Jian Council.
   101 | D        | Killed a glowing orange brain
   102 | D        | Found a shimmering altar of Xom.
   103 | D        | Found a basalt altar of Yredelemnul.
   103 | D        | Killed a yaktaur
   104 | D        | Found a glowing silver altar of Zin.
   104 | D        | Killed a slime creature
   105 | D        | Found a glowing golden altar of the Shining One.
   139 | D        | Noticed a troll
   139 | D        | Noticed a tengu conjurer
   139 | D        | Noticed a manticore
   144 | D        | Reached ** piety under Jiyva
   149 | D        | Slain by a manticore

Skill      XL: |  1  2  3 |
---------------+----------+-----
Fighting       | 3 4 5 |  5.6
Unarmed Combat | 3 5 7 |  7.8
Dodging        | |  2.4
Shields        | |  2.0

Action                   |  1- 3 |  4- 6 || total
-------------------------+-------+-------++-------
Melee: Unarmed           |    44 |     8 ||    52
  Use: Potion            |       |     1 ||     1
  Eat: Chunk             |     5 |     1 ||     6
Armor: Skin              |    13 |     6 ||    19
Dodge: Dodged            |    14 |     2 ||    16
Block: Shield            |    20 |     5 ||    25
